 Dungeon Crawl Stone Soup version 0.23.2-1-ga50397a6bc (webtiles) character file.

Game seed: 409531854850803552

60 MachJacob the Charmwright (level 3, -1/30 HPs)
             Began as a Draconian Skald on May 5, 2019.
             Slain by a worker ant (5 damage)
             ... on level 2 of the Dungeon.
             The game lasted 00:03:48 (1740 turns).

MachJacob the Charmwright (Draconian Skald)         Turns: 1740, Time: 00:03:49

Health: -1/30      AC:  5    Str: 13    XL:     3   Next: 80%
Magic:  6/6        EV: 12    Int: 14    God:
Gold:   51         SH:  0    Dex: 10    Spells: 5/6 levels left

rFire    . . .     SeeInvis .   a - +0 spear
rCold    . . .     Gourm    .   (no shield)
rNeg     . . .     Faith    .   (armour unavailable)
rPois    .         Spirit   .   (helmet restricted)
rElec    .         Reflect  .   (no cloak)
rCorr    .         Harm     .   (no gloves)
MR       .....                  (no boots)
Stlth    +.........             (no amulet)
HPRegen  0.10/turn              (no ring)
MPRegen  0.10/turn              (no ring)

@: lethally poisoned (-1 -> -10)
A: unfitting armour, cold-blooded, AC +5
a: no special abilities


You were on level 2 of the Dungeon.
You were not hungry.

You visited 1 branch of the dungeon, and saw 2 of its levels.

You collected 51 gold pieces.

Inventory:

Hand Weapons
 a - a +0 spear (weapon)
Missiles
 d - 56 stones (quivered)
Jewellery
 m - a cursed -3 ring of dexterity {unknown}
Scrolls
 f - a scroll of teleportation {unknown}
 i - a scroll of identify {unknown}
 l - a scroll of fog {unknown}
Potions
 b - 2 potions of haste {unknown}
 e - a potion of brilliance {unknown}
 h - a potion of heal wounds {unknown}
 j - 2 potions of curing {unknown}
 k - a potion of mutation {unknown}
Comestibles
 c - 5 rations
 g - 4 chunks of flesh


   Skills:
 + Level 2.8 Fighting
 * Level 3.0 Polearms
 - Level 2.1 Dodging
 + Level 2.4 Spellcasting
 + Level 3.1 Charms


You had 5 spell levels left.
You knew the following spells:

 Your Spells              Type           Power        Failure   Level  Hunger
a - Infusion              Chrm           ##..         6%          1    #......

Your spell library contained the following spells:

 Spells                   Type           Power        Failure   Level  Hunger
 Song of Slaying          Chrm           ##......     10%         2    ###....
 Shroud of Golubria       Chrm/Tloc      #.........   19%         2    ###....
 Regeneration             Chrm/Necr      #.........   36%         3    ###....
 Spectral Weapon          Hex/Chrm       #.......     36%         3    ###....


Dungeon Overview and Level Annotations

Branches:
Dungeon (2/15)

Altars:


Innate Abilities, Weirdness & Mutations

Your plain brown scales are hard. (AC +5)
You cannot fit into any form of body armour.
You are cold-blooded and may be slowed by cold attacks.


Message History

The worker ant is heavily wounded.
You feel sick. The worker ant bites you.
* * * LOW HITPOINT WARNING * * *
You hit the worker ant but do no damage.
The worker ant is heavily wounded.
The worker ant bites you.
* * * LOW HITPOINT WARNING * * *
You are lethally poisoned!
The worker ant poisons you!
You hit the worker ant but do no damage.
The worker ant is heavily wounded.
* * * LOW HITPOINT WARNING * * *
You feel sick.
The worker ant bites you but does no damage.
The worker ant closely misses you.
You hit the worker ant but do no damage.
The worker ant is heavily wounded.
* * * LOW HITPOINT WARNING * * *
You feel sick. The worker ant bites you.
You die...

####### #.....####
#.....##.# #.....##..
######### #.....##.#
#.......#######.....##.#
..............)'.....+...
###.#####.#######.....##.#
........a@......÷≈≈≈≈≈≈...
###.#####.#.....≈..≈.≈..≈≈
.........≈≈≈≈≈≈≈≈≈
##.#.....≈.≈≈≈≈≈≈≈≈
#.#.....≈.≈≈≈≈≈≈≈≈
#.#.......≈≈≈≈≈≈≈≈
..#.....≈≈≈≈≈♣_♣≈≈
..#......≈≈≈≈≈.≈≈≈
#..≈≈≈≈≈≈≈≈


You could see a worker ant.

Vanquished Creatures
  3 adders (D:2)
  2 dart slugs
  A leopard gecko (D:1)
  A giant cockroach (D:2)
  3 goblins
  5 hobgoblins
  3 jackals (D:1)
  A quokka (D:2)
  2 frilled lizards
  3 kobolds
  2 rats (D:1)
26 creatures vanquished.

Notes
Turn   | Place    | Note
-------+----------+-------------------------------------------
     0 | D:1      | MachJacob the Draconian Skald began the quest for the Orb.
     0 | D:1      | Reached XP level 1. HP: 17/17 MP: 3/3
   393 | D:1      | Reached XP level 2. HP: 23/25 MP: 5/5
  1002 | D:2      | Reached XP level 3. HP: 30/30 MP: 6/6
  1664 | D:2      | Found a faded altar of an unknown god.
  1740 | D:2      | Slain by a worker ant

Skill      XL: |  1  2  3 |
---------------+----------+-----
Charms         | 3 |  3.1
Polearms       | 3 |  3.0
Fighting       | |  2.8
Dodging        | |  2.1
Spellcasting   | |  2.4

Action                   || total
-------------------------++-------
Melee: Spear             ||   134
       Tailslap          ||    11
Throw: Stone             ||    16
 Stab: Sleeping          ||     1
  Eat: Chunk             ||     3
Armor: Skin              ||    29
Dodge: Dodged            ||    54
